General information
- name: BNet
- type: Ladder team game (AT/RT)
- host: Battle.net
- saver: ChillOutMan
map: Deadlands
- players: 8
- length: 30:41
- speed: Fast
- version: 1.28 W3XP
- replay type: Public
» download(303 KB)
Players
team 1 (winner)
KBilly (
yellow | 88 APM | 1604 actions | 18:19)
4 Blademaster
2 Wind Walk
2 Critical Strike
3 Shadow Hunter
1 Hex
2 Healing Wave
» actions
| Assign group hotkey | 44 | |
| Basic commands | 51 | |
| Build / train | 68 | |
| ESC pressed | 1 | |
| Enter build submenu | 16 | |
| Enter hero's abilities submenu | 7 | |
| Give item / drop item | 6 | |
| Right click | 722 | |
| Select / deselect | 201 | |
| Select group hotkey | 362 | |
| Use ability | 126 | |
1604 total
» units
| Peon | 8 | |
| Grunt | 5 | |
| Raider | 8 | |
| Spirit Walker | 3 | |
24 total
» upgrades
| Ensnare | 1 | |
| Spirit Walker Training | 1 | |
| Melee Weapons | 2 | |
| Berserker Strength | 1 | |
| Pillage | 1 | |
| Armor | 2 | |
| Spiked Barricades | 1 | |
| War Drums Damage Increase | 1 | |
| Witch Doctor Training | 1 | |
11 total
» buildings
| Altar of Storms | 1 | |
| Orc Burrow | 5 | |
| Barracks | 1 | |
| Voodoo Lounge | 1 | |
| Stronghold | 1 | |
| Spirit Lodge | 1 | |
| Beastiary | 1 | |
| War Mill | 1 | |
| Watch Tower | 5 | |
| Fortress | 1 | |
18 total
» build order
00:06 Altar of Storms
00:20 Orc Burrow
00:36 Barracks
01:34 Orc Burrow
01:56 Voodoo Lounge
03:10 Stronghold
05:35 Spirit Lodge
05:38 Beastiary
05:48 Orc Burrow
05:52 War Mill
07:17 Orc Burrow
07:34 Orc Burrow
09:00 Watch Tower
09:07 Watch Tower
14:18 Fortress
16:12 Watch Tower
16:14 Watch Tower
16:15 Watch Tower
» items
| Healing Salve | 4 | |
| Circlet of Nobility | 2 | |
| Boots of Speed | 1 | |
| Dust of Appearance | 1 | |
| Scroll of Speed | 2 | |
| Potion of Healing | 1 | |
| Potion of Lesser Invulnerability | 1 | |
| Scroll of Regeneration | 1 | |
| Lesser Clarity Potion | 2 | |
| Potion of Mana | 2 | |
| Scroll of Town Portal | 1 | |
| Orb of Lightning | 1 | |
19 total

»
ImAStar (
red | 96 APM | 1736 actions | 18:03)
4 Blademaster
2 Wind Walk
2 Critical Strike
3 Shadow Hunter
2 Healing Wave
1 Hex
» actions
| Assign group hotkey | 39 | |
| Basic commands | 81 | |
| Build / train | 79 | |
| ESC pressed | 13 | |
| Enter build submenu | 19 | |
| Enter hero's abilities submenu | 7 | |
| Give item / drop item | 5 | |
| Right click | 776 | |
| Select / deselect | 287 | |
| Select group hotkey | 346 | |
| Use ability | 84 | |
1736 total
» units
| Peon | 12 | |
| Grunt | 6 | |
| Wind Rider | 8 | |
| Shaman | 5 | |
| Tauren | 2 | |
33 total
» upgrades
| Armor | 2 | |
| Berserker Strength | 1 | |
| Spiked Barricades | 2 | |
| Shaman Training | 2 | |
| Reinforced Defenses | 1 | |
| Envenomed Spears | 1 | |
9 total
» buildings
| Altar of Storms | 1 | |
| Orc Burrow | 5 | |
| Voodoo Lounge | 1 | |
| Barracks | 1 | |
| Stronghold | 1 | |
| War Mill | 1 | |
| Watch Tower | 4 | |
| Great Hall | 1 | |
| Fortress | 1 | |
| Spirit Lodge | 1 | |
| Beastiary | 1 | |
| Tauren Totem | 1 | |
19 total
» build order
00:18 Altar of Storms
00:24 Orc Burrow
01:26 Voodoo Lounge
01:51 Barracks
01:54 Orc Burrow
03:52 Stronghold
04:15 War Mill
04:55 Orc Burrow
05:53 Watch Tower
07:40 Great Hall
08:04 Watch Tower
08:06 Watch Tower
09:08 Fortress
09:10 Spirit Lodge
09:12 Beastiary
09:55 Orc Burrow
09:56 Watch Tower
13:41 Orc Burrow
14:58 Tauren Totem
» items
| Healing Salve | 6 | |
| Lesser Clarity Potion | 3 | |
| Scroll of Speed | 1 | |
| Scroll of Regeneration | 3 | |
| Potion of Healing | 3 | |
| Scroll of Town Portal | 4 | |
| Orb of Lightning | 1 | |
| Potion of Mana | 1 | |
22 total

»
Zoidburg (
purple | 37 APM | 1078 actions | 29:00)
4 Archmage
2 Summon Water Elemental
2 Brilliance Aura
1 Paladin
1 Holy Light
1 Mountain King
1 Thunder Clap
» actions
| Assign group hotkey | 6 | |
| Basic commands | 12 | |
| Build / train | 81 | |
| Enter build submenu | 32 | |
| Enter hero's abilities submenu | 6 | |
| Give item / drop item | 3 | |
| Right click | 435 | |
| Select / deselect | 354 | |
| Select group hotkey | 68 | |
| Use ability | 81 | |
1078 total
» units
| Peasant | 17 | |
| Footman | 1 | |
| Rifleman | 8 | |
| Mortar Team | 5 | |
31 total
» upgrades
| Gunpowder | 3 | |
| Armor | 3 | |
| Masonry | 3 | |
| Lumber Harvesting | 2 | |
| Long Rifles | 1 | |
| Fragmentation Shards | 1 | |
| Flare | 1 | |
| Plating | 1 | |
15 total
» buildings
| Farm | 15 | |
| Altar of Kings | 2 | |
| Barracks | 1 | |
| Blacksmith | 1 | |
| Arcane Vault | 2 | |
| Lumber Mill | 1 | |
| Scout Tower | 8 | |
| Arcane Tower | 3 | |
| Keep | 1 | |
| Guard Tower | 8 | |
| Town Hall | 1 | |
| Castle | 1 | |
| Workshop | 1 | |
45 total
» build order
00:15 Farm
00:32 Altar of Kings
00:55 Farm
01:41 Farm
01:49 Barracks
01:55 Blacksmith
03:07 Arcane Vault
03:29 Farm
03:49 Lumber Mill
04:27 Scout Tower
04:57 Scout Tower
05:00 Arcane Vault
05:02 Arcane Tower
05:55 Keep
06:11 Guard Tower
06:15 Town Hall
07:17 Farm
08:50 Scout Tower
08:54 Scout Tower
08:57 Scout Tower
09:05 Castle
09:18 Guard Tower
09:22 Scout Tower
09:23 Guard Tower
09:26 Scout Tower
09:32 Arcane Tower
09:36 Scout Tower
09:48 Workshop
09:58 Guard Tower
10:00 Guard Tower
10:06 Arcane Tower
11:35 Farm
12:05 Guard Tower
12:07 Guard Tower
12:24 Farm
13:10 Farm
14:49 Guard Tower
16:04 Farm
16:13 Farm
17:09 Farm
17:13 Farm
21:29 Altar of Kings
21:41 Farm
22:35 Farm
22:56 Farm
» items
| Scroll of Regeneration | 4 | |
| Scroll of Town Portal | 3 | |
| Potion of Healing | 2 | |
| Ivory Tower | 3 | |
| Orb of Fire | 1 | |
13 total
ChillOutMan (
blue | 25 APM | 774 actions | 30:41)
1 Blademaster
1 Wind Walk
» actions
| Assign group hotkey | 3 | |
| Basic commands | 16 | |
| Build / train | 65 | |
| Enter build submenu | 60 | |
| Enter hero's abilities submenu | 1 | |
| Remove unit from queue | 1 | |
| Right click | 321 | |
| Select / deselect | 187 | |
| Select group hotkey | 4 | |
| Use ability | 116 | |
774 total
» units
| Peasant | 21 | |
| Goblin Zeppelin | 1 | |
22 total
» upgrades
| Masonry | 3 | |
| Lumber Harvesting | 2 | |
5 total
» buildings
| Lumber Mill | 1 | |
| Scout Tower | 63 | |
| Arcane Tower | 1 | |
| Guard Tower | 33 | |
| Keep | 1 | |
| Altar of Kings | 1 | |
| Castle | 1 | |
| Farm | 4 | |
| Blacksmith | 2 | |
| Town Hall | 3 | |
| Arcane Vault | 1 | |
111 total
» build order
00:42 Lumber Mill
00:58 Scout Tower
01:02 Scout Tower
01:06 Scout Tower
01:08 Scout Tower
01:11 Scout Tower
01:24 Arcane Tower
01:44 Guard Tower
01:52 Guard Tower
02:03 Guard Tower
02:12 Guard Tower
03:00 Keep
03:37 Scout Tower
03:40 Scout Tower
03:43 Scout Tower
03:47 Scout Tower
03:49 Scout Tower
04:22 Guard Tower
04:26 Altar of Kings
05:38 Castle
05:58 Scout Tower
05:59 Scout Tower
06:01 Scout Tower
06:02 Scout Tower
06:07 Scout Tower
06:10 Scout Tower
06:14 Farm
06:15 Farm
06:42 Guard Tower
06:56 Guard Tower
07:23 Guard Tower
07:25 Guard Tower
11:49 Scout Tower
11:50 Scout Tower
11:52 Scout Tower
11:54 Scout Tower
11:55 Scout Tower
11:55 Scout Tower
11:59 Scout Tower
12:00 Scout Tower
12:00 Scout Tower
12:25 Guard Tower
12:52 Guard Tower
13:18 Guard Tower
13:35 Scout Tower
13:36 Scout Tower
13:37 Scout Tower
13:37 Scout Tower
13:39 Scout Tower
13:39 Scout Tower
13:41 Scout Tower
13:42 Scout Tower
13:44 Scout Tower
13:45 Scout Tower
13:46 Scout Tower
13:47 Scout Tower
13:55 Scout Tower
13:56 Scout Tower
13:56 Scout Tower
13:58 Scout Tower
13:59 Scout Tower
14:00 Scout Tower
14:18 Guard Tower
14:27 Guard Tower
14:29 Guard Tower
14:31 Guard Tower
14:33 Guard Tower
15:05 Guard Tower
15:24 Scout Tower
15:25 Scout Tower
15:26 Scout Tower
15:35 Scout Tower
15:36 Scout Tower
15:37 Scout Tower
15:43 Scout Tower
15:44 Scout Tower
15:45 Scout Tower
15:46 Scout Tower
15:59 Scout Tower
16:00 Scout Tower
16:01 Scout Tower
16:04 Guard Tower
16:13 Guard Tower
16:14 Guard Tower
16:21 Guard Tower
16:34 Guard Tower
16:36 Guard Tower
16:40 Guard Tower
16:42 Guard Tower
16:43 Guard Tower
16:47 Guard Tower
17:46 Scout Tower
17:48 Scout Tower
17:49 Scout Tower
17:53 Scout Tower
18:07 Scout Tower
18:07 Scout Tower
18:09 Scout Tower
18:15 Guard Tower
18:17 Guard Tower
18:21 Guard Tower
18:38 Guard Tower
18:42 Guard Tower
19:54 Blacksmith
19:56 Blacksmith
22:59 Town Hall
23:47 Town Hall
24:30 Farm
25:03 Arcane Vault
25:42 Town Hall
27:31 Farm
team 2 (loser)

»
h2oburyUsA (
orange | 106 APM | 3252 actions | 30:40)
5 Blademaster
3 Wind Walk
2 Critical Strike
5 Tauren Chieftain
3 War Stomp
2 Endurance Aura
» actions
| Assign group hotkey | 35 | |
| Basic commands | 26 | |
| Build / train | 90 | |
| Enter build submenu | 18 | |
| Enter hero's abilities submenu | 10 | |
| Give item / drop item | 4 | |
| Right click | 1075 | |
| Select / deselect | 384 | |
| Select group hotkey | 1534 | |
| Use ability | 75 | |
3252 total
» units
| Peon | 19 | |
| Grunt | 10 | |
| Tauren | 13 | |
| Shaman | 9 | |
51 total
» upgrades
| Berserker Strength | 1 | |
| Pillage | 1 | |
| Shaman Training | 2 | |
| Melee Weapons | 3 | |
| Pulverize | 1 | |
| Armor | 3 | |
| Spiked Barricades | 1 | |
| Reinforced Defenses | 1 | |
13 total
» buildings
| Altar of Storms | 1 | |
| Orc Burrow | 8 | |
| Barracks | 1 | |
| Voodoo Lounge | 1 | |
| Stronghold | 1 | |
| Fortress | 1 | |
| War Mill | 1 | |
| Great Hall | 3 | |
| Spirit Lodge | 1 | |
| Tauren Totem | 2 | |
20 total
» build order
00:15 Altar of Storms
00:25 Orc Burrow
00:45 Barracks
01:36 Orc Burrow
02:02 Voodoo Lounge
02:50 Stronghold
03:56 Orc Burrow
06:05 Fortress
06:46 War Mill
07:12 Great Hall
07:18 Orc Burrow
09:02 Spirit Lodge
09:53 Tauren Totem
11:39 Tauren Totem
11:43 Orc Burrow
13:32 Orc Burrow
14:01 Orc Burrow
14:48 Orc Burrow
23:45 Great Hall
23:57 Great Hall
» items
| Healing Salve | 4 | |
| Lesser Clarity Potion | 4 | |
| Scroll of Town Portal | 1 | |
| Scroll of Speed | 1 | |
| Orb of Lightning | 1 | |
| Orb of Fire | 1 | |
12 total

»
Bartonias (
green | 54 APM | 1647 actions | 30:40)
4 Mountain King
2 Storm Bolt
2 Bash
3 Paladin
2 Holy Light
1 Divine Shield
2 Blood Mage
1 Flame Strike
1 Siphon Mana
» actions
| Build / train | 80 | |
| Enter build submenu | 25 | |
| Enter hero's abilities submenu | 9 | |
| Right click | 645 | |
| Select / deselect | 795 | |
| Use ability | 93 | |
1647 total
» units
| Peasant | 13 | |
| Footman | 7 | |
| Knight | 7 | |
| Mortar Team | 12 | |
39 total
» upgrades
| Masonry | 3 | |
| Defend | 1 | |
| Swords | 2 | |
| Plating | 2 | |
| Animal War Training | 1 | |
| Gunpowder | 3 | |
| Armor | 2 | |
| Fragmentation Shards | 1 | |
| Flare | 1 | |
16 total
» buildings
| Altar of Kings | 1 | |
| Farm | 11 | |
| Lumber Mill | 1 | |
| Barracks | 2 | |
| Scout Tower | 5 | |
| Arcane Tower | 1 | |
| Blacksmith | 1 | |
| Arcane Vault | 1 | |
| Keep | 1 | |
| Guard Tower | 4 | |
| Town Hall | 1 | |
| Castle | 1 | |
| Workshop | 2 | |
32 total
» build order
00:07 Altar of Kings
00:12 Farm
00:49 Farm
00:55 Lumber Mill
01:25 Farm
01:44 Barracks
01:58 Scout Tower
02:08 Farm
02:25 Arcane Tower
02:36 Blacksmith
03:39 Arcane Vault
04:17 Keep
05:47 Farm
06:02 Scout Tower
06:36 Farm
06:37 Guard Tower
07:24 Scout Tower
07:35 Town Hall
08:35 Guard Tower
08:37 Scout Tower
08:49 Castle
09:09 Guard Tower
09:20 Barracks
10:14 Farm
11:43 Farm
11:49 Scout Tower
13:35 Farm
13:53 Guard Tower
13:57 Workshop
14:53 Farm
15:29 Workshop
15:39 Farm
» items
| Scroll of Regeneration | 3 | |
| Scroll of Town Portal | 3 | |
6 total

»
ShooterMcGavin (
pink | 129 APM | 3970 actions | 30:40)
6 Tauren Chieftain
3 Endurance Aura
2 War Stomp
1 Reincarnation
5 Shadow Hunter
2 Hex
3 Healing Wave
» actions
| Assign group hotkey | 32 | |
| Basic commands | 47 | |
| Build / train | 155 | |
| Enter build submenu | 25 | |
| Enter hero's abilities submenu | 11 | |
| Give item / drop item | 3 | |
| Remove unit from queue | 6 | |
| Right click | 1505 | |
| Select / deselect | 465 | |
| Select group hotkey | 1595 | |
| Use ability | 126 | |
3970 total
» units
| Peon | 23 | |
| Grunt | 7 | |
| Raider | 9 | |
| Kodo Beast | 2 | |
| Wind Rider | 38 | |
| Demolisher | 8 | |
| Troll Headhunter/Berserker | 1 | |
88 total
» upgrades
| Berserker Strength | 1 | |
| Ranged Weapons | 3 | |
| Ensnare | 1 | |
| War Drums Damage Increase | 1 | |
| Reinforced Defenses | 1 | |
| Armor | 3 | |
| Envenomed Spears | 1 | |
| Pillage | 1 | |
| Spiked Barricades | 1 | |
| Burning Oil | 1 | |
| Melee Weapons | 1 | |
15 total
» buildings
| Altar of Storms | 1 | |
| Orc Burrow | 10 | |
| Barracks | 1 | |
| Voodoo Lounge | 1 | |
| Stronghold | 2 | |
| War Mill | 2 | |
| Watch Tower | 5 | |
| Beastiary | 2 | |
| Fortress | 1 | |
| Great Hall | 1 | |
26 total
» build order
00:07 Altar of Storms
00:19 Orc Burrow
00:41 Barracks
01:28 Orc Burrow
01:56 Voodoo Lounge
03:06 Orc Burrow
03:19 Orc Burrow
03:29 Orc Burrow
03:48 Stronghold
03:48 Stronghold
04:35 Orc Burrow
04:54 War Mill
06:37 Watch Tower
06:47 Watch Tower
07:45 Beastiary
07:46 Beastiary
07:48 Fortress
07:58 Watch Tower
08:03 Watch Tower
11:43 Orc Burrow
11:55 Orc Burrow
20:05 Great Hall
20:22 Orc Burrow
20:23 Orc Burrow
20:26 War Mill
29:08 Watch Tower
» items
| Healing Salve | 4 | |
| Tiny Great Hall | 1 | |
| Scroll of Town Portal | 3 | |
| Lesser Clarity Potion | 3 | |
| Scroll of Speed | 1 | |
| Dust of Appearance | 1 | |
| Boots of Speed | 1 | |
14 total

»
abc123456asd (
teal | 29 APM | 880 actions | 30:40)
6 Far Seer
3 Feral Spirit
2 Chain Lighting
1 Earth Quake
» actions
| Assign group hotkey | 28 | |
| Basic commands | 65 | |
| Build / train | 78 | |
| Enter build submenu | 19 | |
| Enter hero's abilities submenu | 6 | |
| Give item / drop item | 1 | |
| Right click | 157 | |
| Select / deselect | 167 | |
| Select group hotkey | 298 | |
| Use ability | 61 | |
880 total
» units
| Peon | 14 | |
| Troll Headhunter/Berserker | 11 | |
| Shaman | 13 | |
| Tauren | 6 | |
| Demolisher | 1 | |
45 total
» upgrades
| Armor | 2 | |
| Ranged Weapons | 2 | |
| Spiked Barricades | 1 | |
| Troll Regeneration | 1 | |
| Shaman Training | 2 | |
| Berserker Upgrade | 1 | |
| Pulverize | 1 | |
| Burning Oil | 1 | |
11 total
» buildings
| Orc Burrow | 8 | |
| Altar of Storms | 1 | |
| Voodoo Lounge | 1 | |
| War Mill | 1 | |
| Stronghold | 1 | |
| Barracks | 1 | |
| Fortress | 1 | |
| Spirit Lodge | 1 | |
| Tauren Totem | 2 | |
| Great Hall | 1 | |
18 total
» build order
00:25 Orc Burrow
00:40 Altar of Storms
01:00 Orc Burrow
01:10 Voodoo Lounge
02:08 War Mill
02:37 Stronghold
02:57 Barracks
03:30 Orc Burrow
05:02 Fortress
05:15 Spirit Lodge
07:13 Orc Burrow
07:51 Tauren Totem
08:25 Tauren Totem
09:25 Orc Burrow
10:52 Orc Burrow
21:56 Great Hall
23:10 Orc Burrow
23:13 Orc Burrow
» items
| Lesser Clarity Potion | 4 | |
| Healing Salve | 3 | |
| Scroll of Town Portal | 3 | |
| Potion of Lesser Invulnerability | 2 | |
| Orb of Lightning | 1 | |
13 total
Chat log
(00:11 / All) KBilly: glhf
(00:57 / All) KBilly: Is anyone else watching Grubby today?
(01:15 / All) ImAStar: on what
(01:19 / All) Zoidburg: if that is the easter bunny then yes
(01:19 / All) ImAStar: he playing wc?
(01:19 / All) KBilly: Twitch.
(01:31 / All) KBilly: ya WC3 on W3A.
(01:31 / All) ChillOutMan: Yep, love to watch other people play video games
(01:36 / All) ChillOutMan: and I donate them my allowance
(01:42 / All) ImAStar: lolol
(01:48 / All) h2oburyUsA: lol
(02:07 / All) Zoidburg: im feeling grubby but watching jesus movies
(02:16 / All) ImAStar: is he unreal?
(02:18 / All) Zoidburg: or Legion
(02:29 / All) KBilly: 6 time world champion
(02:35 / All) KBilly: so yeh, pretty unreal
(02:40 / All) ImAStar: but i mean when u watch
(02:45 / All) ImAStar: is it just like wtf hes nasty
(02:56 / All) Zoidburg: does he shit-talk?
(03:08 / All) KBilly: no he's polite
(03:28 / Allies) ImAStar: they rushing
(03:50 / Allies) ImAStar: tech
(04:06 / All) ImAStar: rush pink hes teching
(04:15 / All) h2oburyUsA: k
(04:55 / Allies) KBilly: I guess they're not rushing
(05:00 / Allies) ImAStar: na
(05:03 / Allies) ImAStar: well maybe
(06:25 / All) h2oburyUsA: yellow getting bats/wind riders :(
(06:29 / All) KBilly: ofc
(06:30 / All) ImAStar: same
(06:42 / All) ImAStar: Tower up
(07:57 / Allies) ImAStar: coming
(08:35 / Allies) ImAStar: tc
(08:52 / Allies) ImAStar: HIT EXPOS
(12:48 / Allies) ImAStar: U FUCKING RETARDS
(12:49 / Allies) ImAStar: PAY ATTENTION
(13:00 / Allies) KBilly: turn off caps lock please
(13:03 / Allies) ImAStar: NO
(13:04 / Allies) ImAStar: FUCKING HELP
(13:09 / Allies) KBilly: turn off caps lock please
(13:14 / Allies) ImAStar: IF U FUCKING HELP
(13:18 / Allies) KBilly: you heard me
(13:22 / Allies) ImAStar: IDGAF
(13:23 / Allies) ImAStar: FUCK U
(13:46 / Allies) KBilly: no more towers please
(14:14 / Allies) KBilly: 2
(14:29 / Allies) KBilly: blue
(14:32 / Allies) KBilly: no more towers please
(14:33 / Allies) KBilly: ok?
(14:42 / Allies) KBilly: ok blue?
(15:13 / Allies) KBilly: I dislike being ignored blue
(15:15 / Allies) KBilly: please answer me
(15:17 / Allies) ImAStar: STFU
(16:35 / Allies) KBilly: blue, you are frustrating me deliberately
(16:38 / Allies) ImAStar: DUDE
(16:39 / Allies) ImAStar: HES A TROLL
(16:42 / Allies) ImAStar: CLEARLY
(17:02 / Allies) ChillOutMan: wtf tk?
(17:05 / All) KBilly: BLUE TK.
(17:10 / Allies) ChillOutMan: You attacked me, punk
(17:11 / Allies) KBilly: because you are blocking mybase
(17:13 / Allies) KBilly: i asked you not to
(17:15 / Allies) KBilly: get ouit of my base
(17:17 / Allies) KBilly: stop towering
(17:18 / All) h2oburyUsA: sucks
(17:24 / Allies) ChillOutMan: you have plenty of room, drama queen
(17:28 / Allies) KBilly: stop making towers
(17:31 / Allies) KBilly: get away from my base
(17:32 / Allies) KBilly: now
(17:36 / Allies) ImAStar: BLUE
(17:38 / Allies) ImAStar: WHY?
(17:38 / All) Zoidburg: its 1v4
(17:43 / Allies) ChillOutMan: these towers saved your life twice you punk!
(17:57 / Allies) ImAStar: BLUE IM GOING TO CUM ON UR MOTHERS FACE
(17:59 / Allies) ChillOutMan: Wow, that's a little rude don't you think?
(18:03 / Allies) KBilly: stop trolling us blue
(18:04 / Allies) KBilly: make uints or leave
(18:29 / All) ChillOutMan: Aw, I was gonna tower his base
(18:31 / All) ChillOutMan: and kill it
(18:33 / All) h2oburyUsA: stfu
(18:39 / All) ChillOutMan: You
(18:40 / All) h2oburyUsA: fuckin waste of oxygen
(18:51 / All) ChillOutMan: What's YOUR problem?
(18:57 / All) h2oburyUsA: why are you still here
(19:00 / All) h2oburyUsA: this is you leaving
(19:04 / All) ChillOutMan: Because I can win
(19:13 / All) h2oburyUsA: pretending you have a worthy life to get back to
(19:15 / All) Zoidburg: blue you cant win
(19:16 / All) h2oburyUsA: when you dont
(19:22 / All) ChillOutMan: Are you talking about yourself?
(19:31 / All) h2oburyUsA: why are you still here
(19:33 / All) Zoidburg: no I can win
(19:44 / All) Zoidburg: bnut Im leaving and you cunt
(19:48 / All) ChillOutMan: Why are you? don't you have a worthy life to get back to?
(19:54 / All) h2oburyUsA: im actually playing a game
(19:57 / All) h2oburyUsA: that i enjoy to win
(20:00 / All) ChillOutMan: So am I
(20:05 / All) h2oburyUsA: not fuckin troll and waste peoples time you fuckin moron
(20:10 / All) h2oburyUsA: so again
(20:13 / All) h2oburyUsA: why are you still here
(20:17 / All) ChillOutMan: Do you need a tissue
(20:23 / All) h2oburyUsA: good comeback
(20:34 / All) ChillOutMan: You're crying, you might damage your keyboard
(20:38 / All) h2oburyUsA: lol
(20:53 / All) h2oburyUsA: classic "im an idiot and look fuckin stupid so i just tell people to stop crying"
(22:10 / All) ChillOutMan: Why are you getting emotional over a video game? YOu could leave whenever you wanted to
(22:25 / All) h2oburyUsA: your argument makes no sense
(22:32 / All) h2oburyUsA: youre a joke
(22:45 / All) ChillOutMan: You made a comment about my life then came up with excuses about you wasting your own time
(22:45 / All) h2oburyUsA: and need to re evaluate your priorities in life if this is what you do with your free time
(22:56 / All) ChillOutMan: You're playing a children's game too
(23:02 / All) h2oburyUsA: LOL
(23:06 / All) h2oburyUsA: HAAHAHAHAHAHAHAHAHAHA
(23:17 / All) ChillOutMan: <-----
(23:20 / All) h2oburyUsA: i can have a more logical fuckin conversation with my 4 year old
(23:25 / All) h2oburyUsA: so from now on i will just laugh at you
(23:35 / All) ChillOutMan: Video games are for childen so why are you stressing out about it
(23:39 / All) h2oburyUsA: HAHAHAHAHAHAHAHAHAHAHA
(25:53 / All) Zoidburg: meh
(26:07 / All) Zoidburg: l9ol
(26:41 / All) Zoidburg: haha
(26:51 / Allies) Zoidburg: oops he stuck
(26:55 / Allies) ChillOutMan: I kill tree
(27:11 / All) ShooterMcGavin: ha
(27:13 / All) Zoidburg: ty
(27:14 / All) ShooterMcGavin: lmfao
(27:15 / All) ShooterMcGavin: s
(27:26 / Allies) ChillOutMan: you can escape now
(27:39 / All) Zoidburg: yassir
(27:49 / Allies) ChillOutMan: don't harass green
(27:54 / Allies) ChillOutMan: I have a farm hidden in his base
(28:18 / All) Zoidburg: nooooo
(28:19 / All) ChillOutMan: SHIIEEEET
(28:20 / All) h2oburyUsA: ouch m8
(28:28 / All) Zoidburg: you dont like xoidburg?
(28:31 / Allies) ChillOutMan: now all we have are two farms
(28:47 / Allies) Zoidburg: why does no one like Zoidburg?
(29:51 / All) h2oburyUsA: you poor bastard
(30:35 / All) ChillOutMan: Sigh, 1 down... 14 more to go